 Dungeon Crawl Stone Soup version 0.29-a0-275-g389c0b56f3 (webtiles) character file.

Game seed: 3283267415163922966

1255 sokol815 the Covert (level 8, -3/52 HPs)
             Began as an Octopode Delver on Mar 11, 2022.
             Was a Follower of Qazlal.
             Slain by a black bear (13 damage)
             ... on level 6 of the Dungeon.
             The game lasted 00:12:26 (6718 turns).

sokol815 the Covert (Octopode Delver)               Turns: 6718, Time: 00:12:26

Health: -3/52      AC:  1    Str: 11    XL:     8   Next: 51%
Magic:  8/8        EV: 13    Int: 14    God:    Qazlal [*.....]
Gold:   313        SH:  1    Dex: 14    Spells: 7/7 levels left

rFire   . . .      SeeInvis +   b - +1 dagger (elec)
rCold   + . .      Faith    .   (no shield)
rNeg    . . .      Spirit   .   (helmet restricted)
rPois   .          Reflect  .   (no amulet)
rElec   .          Harm     .   V - ring of see invisible {sInv, !d}
rCorr   .          Rampage  .   C - ring of protection from cold {rC+, !d}
Will    .....                   (no ring)
Stlth   +++++.....              (no ring)
HPRegen 0.17/turn               (no ring)
MPRegen 0.11/turn               (no ring)
                                (no ring)
                                (no ring)

@: no status effects
A: almost no armour, amphibious, 8 rings, camouflage 1, gelatinous body 1,
(nimble swimmer 1), tentacles
a: Renounce Religion


You were on level 6 of the Dungeon.
You worshipped Qazlal.
Qazlal was aware of your devotion.
You visited 1 branch of the dungeon, and saw 6 of its levels.

You collected 313 gold pieces.

Inventory:

Hand Weapons
 a - the +6 hunting sling of Wyithrol {speed, Fly Int+2}
   (You found it on level 3 of the Dungeon)

   Attacks with this weapon are significantly faster.
   Int:       It affects your intelligence (+2).
   Fly:       It grants you flight.
 b - a +1 dagger of electrocution (weapon)
   (You took it off an orc wizard on level 5 of the Dungeon)
 e - a +0 long sword of flaming
   (You found it on level 5 of the Dungeon)
 o - a +2 dagger of flaming
   (You found it on level 1 of the Dungeon)
Missiles
 c - 6 atropa-tipped darts
 i - 6 poisoned darts
 m - 5 boomerangs
 s - 45 stones
Magical Staves
 h - a staff of earth
   (You found it on level 2 of the Dungeon)
Jewellery
 C - a ring of protection from cold (right tentacle) {rC+, !d}
   (You took it off an orc on level 5 of the Dungeon)
 V - a ring of see invisible (left tentacle) {sInv, !d}
   (You took it off a kobold on level 4 of the Dungeon)
Wands
 d - a wand of digging (3)
Scrolls
 k - a scroll of enchant armour
 l - a scroll of fog
 n - a scroll of amnesia
 E - a scroll of fear
 X - a scroll of magic mapping {@r4!r}
Potions
 f - a potion of mutation {unknown}
 g - a potion of attraction {unknown}
 j - 3 potions of might
 G - 2 potions of ambrosia {!q}
 H - 2 potions of haste
 J - 2 potions of curing {@q1}
 M - a potion of magic
 N - 3 potions of heal wounds {@q2}


   Skills:
 - Level 3.0 Fighting
 - Level 2.0 Short Blades
 + Level 9.0 Slings
 - Level 2.0 Dodging
 - Level 9.0 Stealth


You had 7 spell levels left.
You didn't know any spells.
Your spell library contained the following spells:

 Spells                   Type           Power      Damage    Failure   Level
 Blink                    Tloc           0%         N/A       41%         2
 Static Discharge         Conj/Air       0%         N/A       41%         2
 Inner Flame              Hex/Fire       0%         N/A       65%         3
 Summon Guardian Golem    Hex/Summ       0%         N/A       65%         3
 Cause Fear               Hex            0%         N/A       96%         4
 Lightning Bolt           Conj/Air       0%         1d11      100%        5
 Manifold Assault         Tloc           0%         N/A       100%        5
 Orb of Destruction       Conj           0%         9d5       100%        7
 Spellforged Servitor     Conj/Summ      0%         N/A       100%        7
 Storm Form               Tmut/Air       0%         N/A       100%        7
 Discord                  Hex            0%         N/A       100%        8
 Maxwell's Capacitive Co  Air            0%         ∞         100%        8


Dungeon Overview and Level Annotations

Branches:
Dungeon (6/15)             Temple (0/1) D:5

Altars:
Kikubaaqudgha
Qazlal
Trog
Uskayaw

Shops:
D:3 [

Annotations:
D:4 1 runed translucent door, drugrobin's ghost, weakling DgFi


Innate Abilities, Weirdness & Mutations

You cannot wear most types of armour.
You are amphibious.
You can wear up to eight rings at the same time.
Your skin changes colour to match your surroundings (Stealth+).
Your rubbery body absorbs attacks. (AC +1, EV +1)
((You are camouflaged when in or above water. (Stealth+)))
You have tentacles for arms and can constrict up to eight enemies at once.


Message History

Things that are here:
a +0 dagger; a +0 robe You see here an iguana skeleton.
An adder comes into view.
You shoot a sling bullet.
The sling bullet closely misses the adder.
The adder hisses angrily.
You shoot a sling bullet. The sling bullet hits the adder!
You shoot a sling bullet. The sling bullet hits the adder!
You kill the adder!
Qazlal accepts your kill.
No target in view!
No target in view!
No target in view!
A jelly comes into view.
You shoot a sling bullet. The jelly quivers.
The sling bullet hits the jelly!
You shoot a sling bullet.
The sling bullet barely misses the jelly.
You shoot a sling bullet. The sling bullet hits the jelly.
You kill the jelly!
Qazlal accepts your kill.
No target in view!
No target in view!
No target in view!
s - 45 stones (gained 11)
You now have 305 gold pieces (gained 10).
Found a stone staircase leading down.
You now have 313 gold pieces (gained 8).
A bullfrog zombie comes into view.
You shoot a sling bullet.
The sling bullet hits the bullfrog zombie but does no damage.
You shoot a sling bullet.
The sling bullet hits the bullfrog zombie.
You shoot a sling bullet.
The sling bullet hits the bullfrog zombie!
You shoot a sling bullet.
The sling bullet barely misses the bullfrog zombie.
You shoot a sling bullet.
The sling bullet closely misses the bullfrog zombie.
The bullfrog zombie hits you.
You take 6 damage, and have 46/52 hp.
You shoot a sling bullet.
The sling bullet hits the bullfrog zombie!
The bullfrog zombie hits you.
You take 3 damage, and have 43/52 hp.
You shoot a sling bullet.
The sling bullet hits the bullfrog zombie.
You shoot a sling bullet.
The sling bullet hits the bullfrog zombie.
The bullfrog zombie hits you.
You take 3 damage, and have 40/52 hp.
You shoot a sling bullet.
The sling bullet hits the bullfrog zombie!
You destroy the bullfrog zombie!
Qazlal accepts your kill.
Your Slings skill increases to level 9!
No target in view!
A black bear comes into view.
You regained 6 hp, and now have 46/52 hp.
You shoot a sling bullet. The black bear growls angrily.
The sling bullet hits the black bear.
You shoot a sling bullet. The sling bullet hits the black bear.
You shoot a sling bullet. The sling bullet hits the black bear.
You shoot a sling bullet. The sling bullet hits the black bear!
You shoot a sling bullet.
The sling bullet barely misses the black bear.
You shoot a sling bullet. The sling bullet hits the black bear.
You shoot a sling bullet.
The sling bullet barely misses the black bear.
You shoot a sling bullet.
The sling bullet barely misses the black bear.
You shoot a sling bullet. The sling bullet hits the black bear.
The black bear goes berserk!
You shoot a sling bullet.
The sling bullet barely misses the black bear.
An orc comes into view. It is wielding a +0 club.
You hear a shout! x2
You float gracefully downwards.
You hear the crackle of electricity.
b - a +1 dagger of electrocution (weapon)
The black bear bites you! The black bear claws you.
The black bear closely misses you.
You take 15 damage, and have 33/52 hp.
MASSIVE DAMAGE!!
You hit the black bear but do no damage.
Your grab misses the black bear. You squeeze the black bear.
The black bear bites you! The black bear claws you. x2
An orc comes into view. It is wielding a +0 hand axe.
You take 12 damage, and have 21/52 hp.
MASSIVE DAMAGE!!
You hit the black bear. Your grab misses the black bear.
The black bear bites you!
* * * LOW HITPOINT WARNING * * *
The black bear claws you.
* * * LOW HITPOINT WARNING * * *
The black bear misses you. The black bear bites you!
You die...

#.# .#. .... #. ####
....###.. ....# ........
....# #....#.# ..8..#
.....#.# ###......
.8.....#########........
P.......##..##.h@.......
.8..#...##......°.######
##...##...o......##
.....##....o......#
..........#...#..##
..........##..##..#
.............###....
............># ##....
..........##.. ....


You could see a black bear (berserk) and 2 orcs.

Vanquished Creatures
  A water moccasin (D:6)
  An ogre (D:5)
  A phantom (D:6)
  A necrophage (D:5)
  2 scorpions (D:5)
  3 bullfrog zombies (D:6)
  3 centaur zombies (D:6)
  2 hounds (D:5)
  2 jellies
  2 orc priests (D:3)
  3 iguanas
  7 orc wizards
  4 adders
  A shadow imp (D:6)
  2 worms
  4 dart slugs
  23 orcs
  16 ball pythons
  4 endoplasms
  6 giant cockroaches
  9 goblins
  6 hobgoblins
  9 kobolds
  2 quokkas
  6 bats
  4 frilled lizards
  6 rats
130 creatures vanquished.

Notes
Turn   | Place    | Note
-------+----------+-------------------------------------------
     0 | D:5      | sokol815 the Octopode Delver began the quest for the Orb.
     0 | D:5      | Reached XP level 1. HP: 16/16 MP: 1/1
    81 | D:3      | Found Vosaynearph's Armour Shoppe.
    83 | D:3      | Reached skill level 7 in Stealth
   125 | D:2      | Reached XP level 2. HP: 21/21 MP: 2/2
   153 | D:1      | HP: 5/21 [hobgoblin (3)]
   154 | D:1      | HP: 2/21 [hobgoblin (3)]
   956 | D:1      | Reached XP level 3. HP: 26/26 MP: 3/3
  1278 | D:1      | Reached skill level 8 in Stealth
  1884 | D:2      | Reached XP level 4. HP: 29/31 MP: 4/4
  2454 | D:3      | Noticed a golden eye
  2456 | D:3      | Found a faded altar of an unknown god.
  2458 | D:3      | Noticed an eye of devastation
  2458 | D:3      | Noticed a shining eye
  2458 | D:3      | Noticed an eye of devastation
  2716 | D:3      | Reached skill level 9 in Stealth
  2847 | D:3      | Identified the +6 hunting sling of Wyithrol {speed, Fly
                  | Int+2}
  2902 | D:3      | Reached skill level 1 in Slings
  2902 | D:3      | Reached XP level 5. HP: 10/36 MP: 5/5
  3322 | D:3      | Found a hide-covered altar of Uskayaw.
  3327 | D:3      | Found an ancient bone altar of Kikubaaqudgha.
  3342 | D:3      | Reached skill level 2 in Slings
  3438 | D:3      | Reached skill level 3 in Slings
  3725 | D:4      | Found a runed translucent door.
  3729 | D:4      | Noticed drugrobin's ghost (weakling DgFi)
  3750 | D:4      | Found a stormy altar of Qazlal.
  3756 | D:4      | Became a worshipper of Qazlal Stormbringer
  3800 | D:4      | Reached XP level 6. HP: 42/42 MP: 6/6
  3800 | D:4      | Found a bloodstained altar of Trog.
  3845 | D:4      | Reached skill level 4 in Slings
  4596 | D:5      | Found a staircase to the Ecumenical Temple.
  4604 | D:5      | Reached skill level 5 in Slings
  4623 | D:5      | Reached * piety under Qazlal
  4624 | D:5      | Reached XP level 7. HP: 28/46 MP: 7/7
  5047 | D:5      | Reached skill level 6 in Slings
  5778 | D:6      | HP: 7/46 [hornet zombie (11)]
  6073 | D:5      | Reached skill level 7 in Slings
  6241 | D:6      | Reached XP level 8. HP: 48/52 MP: 8/8
  6336 | D:6      | Reached skill level 8 in Slings
  6340 | D:6      | HP: 13/52 [centaur zombie (4)]
  6670 | D:6      | Reached skill level 9 in Slings
  6718 | D:6      | HP: 13/52 [black bear (8)]
  6718 | D:6      | Slain by a black bear

Illustrated notes

Levels and vault maps discovered:
D:1:      minmay_arrival_jagged, layout_loops_ring,
          chequers_serial_rivers_large_b, chequers_serial_rivers_micro_d,
          minmay_misc_feat_encased, chequers_arboretum, minmay_ruptured
D:2:      layout_basic
D:3:      layout_basic, mainiacjoe_overflow_big_doors, serial_shops, shop,
          hellmonk_ecumenical_altar_watching_god, glass_columns_c,
          nicolae_elevator_lobby_asterisk
D:4:      layout_basic, bloody_trog, grunt_qazlal_clouds,
          ebering_ghost_reflecting_pool, nicolae_figureground_sparkle
D:5:      layout_loops_ring, minmay_temple_entry_tees
D:6:      kennysheep_spiral_hall, layout_cave_pools, serial_undead,
          serial_undead_c, serial_undead_f, serial_undead_f, serial_undead_d,
          serial_undead_c, serial_undead_c, serial_undead_a,
          kennysheep_big_empty_room, hangedman_decor_growths, minmay_bent

Skill      XL: |  1  2  3  4  5  6  7  8 |
---------------+-------------------------+-----
Stealth        | 7 8 9 |  9.0
Slings         | 1 3 5 7 9 |  9.0
Fighting       | |  3.0
Short Blades   | |  2.0
Dodging        | |  2.0

Action                   |  1- 3 |  4- 6 |  7- 9 || total
-------------------------+-------+-------+-------++-------
Melee: Dagger            |    62 |    41 |    45 ||   148
       Short sword       |     1 |       |       ||     1
       Tentacles         |    13 |     7 |    14 ||    34
       Constrict         |    12 |     8 |     7 ||    27
       Punch             |     1 |       |     2 ||     3
 Fire: Hunting sling     |       |   106 |   110 ||   216
Throw: Stone             |     3 |       |       ||     3
  Use: Scroll            |     5 |     1 |     5 ||    11
 Stab: Sleeping          |    19 |    12 |       ||    31
Armor: Skin              |     1 |     1 |     5 ||     7
Dodge: Dodged            |    27 |    23 |    41 ||    91
Block: Other             |       |       |     2 ||     2

Table legend: (Time is in decaauts)
 A = Elapsed time spent in this place.
 B = Non-inter-level travel time spent in this place.
 C = Inter-level travel time spent in this place.
 D = Time resting spent in this place.
 E = Time spent auto-exploring this place.
 F = Levels seen in this place.
 G = Mean time per level.
                   A        B        C        D        E       F      G
               +--------+--------+--------+--------+--------+-----+--------+
         Total |   6659 |   6434 |    225 |   1711 |   3798 |   6 | 1109.8 |
       Dungeon |   6659 |   6434 |    225 |   1711 |   3798 |   6 | 1109.8 |
               +--------+--------+--------+--------+--------+-----+--------+

Top non-repeatable levels by time:
     D:5: 1711 daAuts
     D:3: 1331 daAuts
     D:2: 1139 daAuts
     D:1: 1123 daAuts
     D:4: 1091 daAuts
     D:6: 263 daAuts

Table legend:
 A = Kills in this place as a percentage of kills in entire the game.
 B = Kills by you in this place as a percentage of kills by you in the entire game.
 C = Kills by friends in this place as a percentage of kills by friends in the entire game.
 D = Other kills in this place as a percentage of other kills in the entire game.
 E = Experience gained in this place as a percentage of experience gained in the entire game.
 F = Experience gained in this place divided by the number of levels of this place that you have seen.
                   A       B       C       D       E      F
               +-------+-------+-------+-------+-------+----------------------
         Total | 100.0 | 100.0 |   N/A |   N/A | 100.0 | 298.8
       Dungeon | 100.0 | 100.0 |   N/A |   N/A | 100.0 | 298.8
               +-------+-------+-------+-------+-------+----------------------
